Map: Lightshade LE

Players

Massa

  • Race: Terran Terran
  • League: Platinum
  • Spawn Location: 5:00

anfaini - Winner!

  • Race: Protoss Protoss
  • League: Platinum
  • Spawn Location: 11:00

VOD

Have the link to the VOD?

Description

Time

  • Played on: Jan. 16, 2021, 4:56 a.m.
  • Length: 6:54
Show
View Real Time Build Order
Export as new Build Order

Massa Terran 

Build Orders:  

Get SALT Encoding   

  12  0:00  SCV  
  13  0:12  SCV  
  14  0:18  Supply Depot  
  14  0:24  SCV  
  15  0:40  SCV  
  15  0:41  Barracks  
  16  0:50  Refinery  
  16  0:52  SCV  
  17  1:04  SCV  
  18  1:16  SCV  
  20  1:33  Orbital Command  
  20  1:36  Barracks Reactor  
  19  1:43  Command Center  
  19  1:56  Supply Depot  
  19  1:59  SCV  
  20  2:12  Marine x2  
  22  2:15  Factory  
  22  2:24  SCV  
  23  2:30  Marine x2  
  23  2:34  Supply Depot  
  25  2:43  SCV  
  26  2:47  Marine  
  26  2:48  Marine  
  28  2:55  SCV  
  28  2:57  Orbital Command  
  29  3:02  Starport  
  29  3:15  Hellion x2, Supply Depot  
  29  3:17  Barracks Tech Lab  
  33  3:23  SCV x2  
  35  3:35  SCV  
  35  3:37  Hellion x2  
  40  3:44  Banshee  
  43  3:52  SCV x2  
  43  3:54  Refinery  
  40  4:12  Widow Mine x2  
  44  4:18  Refinery  
  44  4:22  Barracks Tech Lab  
  44  4:32  Barracks  
  44  4:33  Barracks  
  43  4:40  Banshee  
  42  4:50  Marauder  
  43  4:58  Widow Mine x2, Bunker  
  47  5:00  SCV x2  
  49  5:11  Marauder  
  49  5:12  SCV x2  
  53  5:19  Concussive Shells  
  53  5:20  Barracks Tech Lab  
  53  5:21  Barracks Tech Lab  
  51  5:30  Widow Mine x2  
  51  5:33  Marauder  
  52  5:46  Marauder  
  49  5:54  Marauder  
  45  6:00  Supply Depot  
  45  6:02  Marauder, Supply Depot x2  
  44  6:04  Supply Depot  
  44  6:07  Marauder  
  44  6:10  Bunker  
  45  6:21  Orbital Command  
  45  6:23  Marauder  
  44  6:28  Marauder  
Show
View Real Time Build Order
Export as new Build Order

anfaini Protoss - Winner!

Build Orders: Blink Stalkers 

Get SALT Encoding   

  12  0:01  Probe  
  13  0:13  Probe  
  14  0:18  Pylon  
  14  0:25  Probe  
  15  0:37  Probe, Gateway  
  16  0:43  Assimilator  
  16  0:49  Probe (Chrono Boost)  
  17  0:59  Probe (Chrono Boost)  
  17  1:02  Pylon  
  18  1:04  Probe (Chrono Boost)  
  19  1:15  Gateway  
  19  1:17  Probe  
  20  1:25  Cybernetics Core  
  20  1:29  Probe  
  21  1:36  Assimilator  
  21  1:41  Probe  
  22  2:02  Warp Gate (Chrono Boost)  
  22  2:05  Pylon  
  22  2:08  Stalker  
  24  2:11  Stalker  
  26  2:16  Probe  
  27  2:38  Stalker  
  27  2:40  Stalker  
  31  2:45  Twilight Council  
  31  3:07  Pylon  
  31  3:08  Stalker  
  31  3:10  Stalker  
  35  3:18  Blink (Chrono Boost)  
  35  3:32  Gateway  
  35  3:39  Gateway  
  35  3:50  Stalker  
  35  3:51  Stalker  
  39  3:57  Pylon  
  39  4:21  Pylon  
  39  4:23  Stalker x2  
  43  4:31  Shield Battery  
  43  4:33  Stalker  
  45  4:46  Stalker x2  
  45  4:51  Stalker  
  51  5:14  Stalker x3  
  51  5:46  Stalker x4  
  51  6:12  Stalker x2  
  51  6:13  Stalker  
Tags
 
Composition
Blink Stalkers
Matchup
PvT
Replay Pack
Multiplayer
Spawn Locations
Cross Positions
Add a new tag
Caveats
  • Supply blocks, unpowered buildings, or Contaminate may cause inaccurate times.
  • Supply counts are checked every 10 seconds.